 Dungeon Crawl Stone Soup version 0.19-a0-1899-g2d93087 (webtiles) character file.

11577 dobroeutro the Quickloader (level 12, -7/72 HPs)
             Began as a Kobold Hunter on Oct 19, 2016.
             Was a High Priest of Okawaru.
             Killed from afar by a gargoyle (17 damage)
             ... with a stone arrow
             ... on level 10 of the Dungeon.
             The game lasted 00:36:24 (15975 turns).

dobroeutro the Quickloader (Kobold Hunter)         Turns: 15975, Time: 00:36:24

Health: -7/72      AC: 15    Str: 12    XL:     12   Next: 9%
Magic:  10/12      EV: 20    Int: 12    God:    Okawaru [*****.]
Gold:   450        SH: 10    Dex: 18    Spells: 0 memorised, 11 levels left

rFire  . . .     SeeInvis .     a - +3 hand crossbow (venom)
rCold  . . .     Gourm    .     z - +0 ring mail
rNeg   . . .     Faith    .     D - +0 shield
rPois  .         Spirit   .     (helmet restricted)
rElec  .         Reflect  .     n - +0 cloak
rCorr  .         Harm     .     o - +2 pair of gloves
MR     ++...                    E - +0 pair of boots
Stlth  +++.......               (no amulet)
                                t - ring of protection from magic
                                e - +4 ring of protection

@: heroism
A: horns 2, carnivore 3, frail 1, magic resistance 1, wild magic 1, evolution 1
a: Heroism, Finesse, Renounce Religion


You were on level 10 of the Dungeon.
You worshipped Okawaru.
Okawaru was extremely pleased with you.
You were full.

You visited 2 branches of the dungeon, and saw 12 of its levels.
You also visited: Ossuary.

You collected 450 gold pieces.

Inventory:

Hand Weapons
 a - a +3 hand crossbow of venom (weapon)
 w - a +2 dagger of speed
 P - the +2 morningstar of World's End {drain, Stlth+}
   (You found it on level 10 of the Dungeon)

   A truly terrible weapon, it drains the life of those it strikes.
   It makes you more stealthy.
Missiles
 d - 122 bolts (quivered)
Armour
 j - a +1 leather armour of magic resistance
 n - a +0 cloak (worn)
 o - a +2 pair of gloves (worn)
 q - a +1 leather armour of poison resistance
 z - a +0 ring mail (worn)
 D - a +0 shield (worn)
 E - a +0 pair of boots (worn)
 Q - a +2 ring mail of fire resistance
 U - +0 steam dragon scales
Jewellery
 e - a +4 ring of protection (left hand)
 r - an uncursed ring of poison resistance
 t - a ring of protection from magic (right hand)
 y - the ring of Qurr {rN+ Dex+2}
   (You found it in an ossuary)

   [ring of dexterity]

   It affects your dexterity (+2).
   It protects you from negative energy.
 G - an uncursed amulet of magic regeneration
Wands
 c - a wand of flame (26/48)
 g - a wand of paralysis (4/24)
 L - a wand of polymorph (6/24)
 O - a wand of lightning (8/15)
Scrolls
 b - 7 scrolls of recharging
 k - 10 scrolls of identify
 u - a scroll of random uselessness
 F - a scroll of magic mapping
 I - a scroll of amnesia
 M - a scroll of teleportation
Potions
 i - 2 potions of degeneration {unknown}
 m - a potion of flight {unknown}
 s - a potion of might
 v - 4 potions of agility
 x - 5 potions of brilliance
 A - a potion of curing
 H - a potion of cancellation {unknown}
 J - a potion of invisibility
 K - a potion of lignification {unknown}
Comestibles
 f - 3 meat rations
 h - 2 royal jellies
 l - 3 beef jerkies
 B - a slice of pizza


   Skills:
 + Level 11.6(16.6) Fighting
 - Level 11.2(16.2) Short Blades
 + Level 13.1(18.1) Crossbows
 + Level 7.8(12.8) Dodging
 - Level 1.3(6.3) Stealth


You had 11 spell levels left.
You didn't know any spells.

Dungeon Overview and Level Annotations

Branches:
Dungeon (11/15)            Temple (1/1) D:5            Lair (0/6) D:9
    Orc (0/2) D:10

Altars:
Dithmenos
Elyvilon
Fedhas
Makhleb
Nemelex Xobeh
Okawaru
Qazlal
Ru
Trog
Vehumet
Zin
The Shining One
Beogh

Shops:
D:4 }   D:6 (

Annotations:
D:6 Pikel


Innate Abilities, Weirdness & Mutations

You are small and have problems with some larger weapons.
You are carnivorous and can eat meat at any time.
You have a pair of horns on your head.
You are frail. (-10% HP)
You are resistant to hostile enchantments. (MR+)
Your spells are a little harder to cast, but a little more powerful.
You evolve.


Message History

Firing (i - inventory):
d - 124 bolts (quivered)
Press: ? - help, Shift-Dir - straight line, f/p - gargoyle
Aim: a gargoyle, wielding a mace (severely damaged)
You shoot a bolt. The bolt hits the gargoyle.
The gargoyle is severely damaged.
The gargoyle hurls a stone arrow at you.
The stone arrow hits you!
* * * LOW HITPOINT WARNING * * *
The gargoyle hits you with a mace.
* * * LOW HITPOINT WARNING * * *
You gain the combat prowess of a mighty hero.
Firing (i - inventory):
d - 123 bolts (quivered)
Press: ? - help, Shift-Dir - straight line, f/p - gargoyle
Aim: a gargoyle, wielding a mace (severely damaged)
You shoot a bolt.
The bolt hits the gargoyle but does no damage.
The gargoyle is severely damaged.
The gargoyle hurls a stone arrow at you.
The stone arrow hits you!
You die...

#.###### #.#####
#......# #...#
#..#.### ###.#
...#...######.#####
#.##.###........(.##
#..#.###.####.##...#
.........(......(.>#
##.#.#...##.####9#.#
##...#.##.....##@#.#
##..#....#.#.##.#.#
#..###..#.#....#.#
#....#..#.#....#.#
####.#.#..#.#.#.##.#
.# #.#.#..#.#.#....#
.###...#..#.#.....##
.......#....#####.#
..###..#.##.# #.#


You could see a gargoyle.

Vanquished Creatures
  Erica (D:11)
  An unseen horror (D:10)
  Maurice (D:8)
  3 hornets
  3 hippogriffs
  A spriggan (D:7)
  A wyvern (D:11)
  11 yaks
  Grum (D:8)
  A steam dragon (D:10)
  Menkaure (D:4)
  A water moccasin (D:7)
  5 orc warriors
  4 sky beasts
  2 phantoms (D:8)
  A necrophage (D:10)
  3 ice beasts
  4 wolves (D:8)
  4 ogres
  4 centaurs
  A crocodile (D:9)
  6 big kobolds
  4 bullfrogs
  3 scorpions
  6 killer bees (D:7)
  A howler monkey (D:8)
  5 wights (D:7)
  4 crimson imps
  2 bullfrog skeletons
  4 centaur zombies
  7 bullfrog zombies
  5 orc priests
  10 orc wizards
  5 hounds
  5 jellies
  A centaur skeleton (D:4)
  5 iguanas
  12 worker ants
  2 killer bee zombies
  3 hound zombies
  2 hound skeletons
  14 mummies (Ossuary)
  2 worker ant zombies
  A howler monkey skeleton (D:10)
  9 adders
  4 gnolls (D:4)
  4 shadow imps
  An ooze (D:3)
  6 adder zombies
  5 worms
  2 dart slugs
  4 leopard geckos
  54 orcs
  8 bats
  16 giant cockroaches
  15 goblins
  12 hobgoblins
  8 jackals
  5 quokkas
  A ball python (D:4)
  6 frilled lizards
  A goblin zombie (D:7)
  A jackal zombie (Ossuary)
  32 kobolds
  2 leopard gecko skeletons
  3 leopard gecko zombies (Ossuary)
  5 quokka zombies
  5 rats (D:3)
372 creatures vanquished.

Vanquished Creatures (others)
  A bat (D:2)
  5 withered plants (Ossuary)
6 creatures vanquished.

Grand Total: 378 creatures vanquished

Notes
Turn   | Place    | Note
-------+----------+-------------------------------------------
     0 | D:1      | dobroeutro the Kobold Hunter began the quest for the Orb.
     0 | D:1      | Reached XP level 1. HP: 12/12 MP: 1/1
    32 | D:1      | Reached skill level 5 in Crossbows
   166 | D:1      | Reached skill level 1 in Short Blades
   166 | D:1      | Reached XP level 2. HP: 15/18 MP: 2/2
   844 | D:2      | Reached XP level 3. HP: 15/22 MP: 3/3
  1323 | D:2      | Reached XP level 4. HP: 27/27 MP: 4/4
  1442 | D:2      | Found a bloodstained altar of Trog.
  1615 | D:2      | Found an iron altar of Okawaru.
  1627 | D:2      | Became a worshipper of Warmaster Okawaru
  1880 | D:3      | Found a faded altar of an unknown god.
  1932 | D:3      | Reached XP level 5. HP: 32/32 MP: 5/5
  1938 | D:3      | Reached skill level 6 in Crossbows
  2206 | D:3      | Reached XP level 6. HP: 38/38 MP: 6/6
  2534 | D:4      | Reached * piety under Okawaru
  2878 | D:4      | Got a crude chain mail
  2882 | D:4      | Found Uwnewkusm's Gadget Shoppe.
  2909 | D:4      | Reached XP level 7. HP: 44/44 MP: 7/7
  3232 | D:4      | Reached skill level 5 in Short Blades
  3371 | D:4      | Reached skill level 7 in Crossbows
  3847 | D:4      | Reached skill level 5 in Fighting
  4219 | D:4      | Found a stormy altar of Qazlal.
  4650 | D:5      | Entered Level 5 of the Dungeon
  5029 | D:5      | Reached XP level 8. HP: 47/50 MP: 8/8
  5280 | D:5      | Found a sacrificial altar of Ru.
  5437 | D:5      | Noticed Menkaure
  5467 | D:4      | Killed Menkaure
  5536 | D:5      | Found a staircase to the Ecumenical Temple.
  5603 | Temple   | Entered the Ecumenical Temple
  5908 | D:5      | Reached skill level 8 in Crossbows
  6176 | D:6      | Found a radiant altar of Vehumet.
  7418 | D:6      | Reached XP level 9. HP: 44/57 MP: 6/9
  7545 | D:6      | Reached ** piety under Okawaru
  7545 | D:6      | Reached skill level 9 in Crossbows
  7672 | D:6      | Found Riaxzemn's Weapon Emporium.
  7686 | D:6      | Identified the +3 chain mail of Death Resistance {MP+9 Int+4} (You found it on level 4 of the Dungeon)
  7800 | D:6      | Noticed Pikel
  8081 | D:6      | Found a faded altar of an unknown god.
  8081 | D:6      | Found a faded altar of an unknown god.
  8126 | D:6      | Found a faded altar of an unknown god.
  8128 | D:6      | Found a faded altar of an unknown god.
  8130 | D:6      | Found a sparkling altar of Nemelex Xobeh.
  8345 | D:7      | Found a sand-covered staircase.
  8372 | Ossuary  | Entered an ossuary
  8795 | Ossuary  | Got a shimmering copper ring
  8797 | Ossuary  | Identified the ring of Qurr {rN+ Dex+2} (You found it in an ossuary)
  9183 | Ossuary  | Reached *** piety under Okawaru
  9378 | D:7      | Reached skill level 10 in Crossbows
  9620 | D:7      | Reached XP level 10. HP: 32/65 MP: 10/10
  9983 | D:7      | Reached skill level 10 in Short Blades
 10058 | D:7      | Reached **** piety under Okawaru
 10570 | D:7      | Received a gift from Okawaru
 10801 | D:8      | Reached skill level 11 in Crossbows
 10832 | D:8      | Found a blossoming altar of Fedhas.
 10832 | D:8      | Found a burning altar of Makhleb.
 10839 | D:8      | Noticed Grum
 11159 | D:8      | Received a gift from Okawaru
 11193 | D:7      | Gained mutation: You are frail. (-10% HP) [mutagenic meat]
 11196 | D:7      | Gained mutation: Your spells are a little harder to cast, but a little more powerful. [mutagenic meat]
 11199 | D:7      | Gained mutation: You evolve. [mutagenic meat]
 11205 | D:7      | Gained mutation: You are resistant to hostile enchantments. (MR+) [mutagenic meat]
 11349 | D:8      | Noticed Maurice
 11534 | D:8      | Reached skill level 10 in Fighting
 11545 | D:8      | Reached XP level 11. HP: 49/64 MP: 11/11
 11558 | D:8      | Killed Grum
 11710 | D:8      | Killed Maurice
 12017 | D:8      | Gained mutation: You have a pair of small horns on your head. [evolution]
 12429 | D:9      | Received a gift from Okawaru
 12429 | D:9      | Reached skill level 12 in Crossbows
 12429 | D:9      | Reached skill level 5 in Dodging
 12453 | D:9      | Paralysed by a hornet for 1 turns
 12528 | D:9      | Reached ***** piety under Okawaru
 12942 | D:9      | Found a shadowy altar of Dithmenos.
 13050 | D:9      | Found a glowing silver altar of Zin.
 13051 | D:9      | Found a glowing golden altar of the Shining One.
 13054 | D:9      | Found a white marble altar of Elyvilon.
 13197 | D:9      | Found a staircase to the Lair.
 13422 | D:9      | Received a gift from Okawaru
 13439 | D:10     | Entered Level 10 of the Dungeon
 13462 | D:10     | Got a jewelled morningstar
 13468 | D:10     | Identified the cursed +2 morningstar of World's End {drain, Stlth+} (You found it on level 10 of the Dungeon)
 13504 | D:10     | Found a staircase to the Orcish Mines.
 13523 | D:10     | Found a roughly hewn altar of Beogh.
 14268 | D:9      | Gained mutation: You rapidly evolve. [evolution]
 14268 | D:9      | Lost mutation: You rapidly evolve. [end of evolution]
 14793 | D:10     | HP: 2/66 [something (6)]
 15044 | D:11     | Noticed Erica
 15074 | D:11     | Killed Erica
 15457 | D:10     | Gained mutation: You have a pair of horns on your head. [evolution]
 15612 | D:10     | Killed an unseen horror
 15612 | D:10     | Received a gift from Okawaru
 15612 | D:10     | Reached skill level 13 in Crossbows
 15612 | D:10     | Reached XP level 12. HP: 23/72 MP: 12/12
 15975 | D:10     | Killed from afar by a gargoyle

Vault maps used:
D:1:      kennysheep_arrival_forest, minmay_door_square, minmay_curled_crystal
D:2:      minmay_roachtagon, lemuel_coloured_pillars_altar,
          lightli_temple_of_fire, lemuel_old_faithful
D:3:      gup_sewer_entry_bubbles, ecumenical_altar_2, minmay_misc_feat_alley,
          serial_bayou_pond_d
D:4:      corexii_shantytown, grunt_qazlal_sundering, serial_shops, shop,
          first_bread
D:5:      nicolae_ru_awakened_eye, uniq_menkaure
D:6:      vehumet_crystals, chequers_temple_overflow_minitemple, serial_shops,
          shop, uniq_pikel
D:7:      enter_ossuary_4, the_bakery
D:8:      chequers_temple_overflow_statue_of_worship, uniq_grum, uniq_maurice
D:9:      good_gods_temple_1, nicolae_dithmenos_the_darkroom
D:10:     minmay_orc_entry_temple_small
D:11:     basic_altar, minmay_item_behind_shaft, uniq_erica
Temple:   jpeg_temple_island
Ossuary:  ossuary_zaba_flooded

Skill      XL: |  1  2  3  4  5  6  7  8  9 10 11 |
---------------+----------------------------------+-----
Crossbows      | 5 6 7 8 10 11 13 | 13.1
Short Blades   | 1 2 3 4 5 7 9 11 | 11.2
Fighting       | 3 4 5 7 8 10 11 | 11.6
Dodging        | 3 7 |  7.8
Stealth        | |  1.3

Action                   |  1- 3 |  4- 6 |  7- 9 | 10-12 || total
-------------------------+-------+-------+-------+-------++-------
Melee: Short sword       |   104 |   263 |   907 |       ||  1274
       Dagger            |       |       |   512 |       ||   512
       Punch             |       |       |     4 |       ||     4
       Morningstar       |       |       |       |   133 ||   133
       Headbutt          |       |       |       |    29 ||    29
 Fire: Hand crossbow     |     6 |    32 |    20 |   462 ||   520
Invok: Heroism           |       |       |    10 |     3 ||    13
  Use: Scroll            |       |     6 |     6 |     9 ||    21
       Potion            |       |       |     9 |     3 ||    12
 Stab: Sleeping          |     1 |     1 |     5 |     3 ||    10
       Distracted        |       |       |     2 |       ||     2
  Eat: Chunk             |       |    15 |    12 |    26 ||    53
       Meat ration       |       |       |     1 |       ||     1
Armor: Leather armour    |    11 |       |       |       ||    11
       Ring mail         |    14 |   126 |   334 |   218 ||   692
Dodge: Dodged            |    72 |   210 |   617 |   278 ||  1177
Block: Shield            |       |       |       |   124 ||   124
